← All builds
Beach sea / Cortex / Economy first / OBSERVED BUILD

Standard beach sea

The role's usual play: com goes to sea to build a shipyard around 2 minutes, pumping frigates and destroyers to contest enemy sea entry or hold vision, with an advanced metal extractor around 10 minutes as the transition into the team's…

Usually shipyard first (94%)

#naval #eco · 729 distinct matches · 102 players · 84% of Cortex Beach sea games · team won 55% of 789 · Recently observed

HOW TO PLAY IT

Key timing: Shipyard by 1:57

  1. Open 3 mex and wind while com heads straight to sea.
  2. Drop Shipyard fast, before 2:00, to seize early sea presence.
  3. Push "frigate" out to contest enemy sea entry or hold vision.
  4. Add "destroyer" as the fleet grows.
  5. Transition into Advanced Metal Extractor to catch up on eco.

Phase by phase

TYPICAL OF ITS 729 GAMES
  1. 1
  2. 2
  3. 3
PLAY THE OPENING

Follow the example game's first 6:00 step by step: what to build now, what comes next, and where it goes. At 1× it keeps pace with your own game.

  1. 1

    Up to the Shipyard

    Economy
    • Metal Extractor3Mex
    • Wind Turbine3Windfor allies
    • Wind Turbine2Wind
    • Energy Storage1Energy storage
    Order
    1. ShipyardShipyard after 3 mex, 2 wind, 1 energy storagedone ~1:57, middle half 1:45–2:08

    By 1:41 in all: 3 mex · 2 wind · 1 energy storage

    The example game in this phase · 5 steps
    1. Mex ×3
    2. Wind ×4
    3. Energy storage
    4. Windfor Air
    5. ShipyardShipyarddone 1:56 · typical 1:57
  2. 2

    Shipyard to 5:00

    Economy
    • Metal Extractor5Mex
    • Tidal Generator1Tidal
    Builders
    • Construction Ship2 Con ship
    Army
    • Riptide2 Frigate
    • Herring1 Missile corvette
    • Oppressor1 Destroyer
    Other
    • Naval Radar / Sonar Tower1 Naval Radar / Sonar Tower

    Some games also: Urchin (42%) · wind (41%) · submarine (40%) · con turret (35%) · gunboat (34%)

    By 5:00 in all: 8 mex · 3 wind · 2 tidal · 1 energy storage

    The example game in this phase · 24 steps
    1. Windfor Air
    2. Construction ShipCon ship
    3. Windfor Air
    4. HerringMissile corvette
    5. RiptideFrigatedone 2:31 · typical 3:51
    6. Wind
    7. Mex
    8. OrcaSubmarinedone 3:22
    9. Mex ×2
    10. RiptideFrigate
    11. Wind
    12. Mex
    13. Wind
    14. Construction ShipCon ship
    15. Naval Radar / Sonar TowerNaval Radar / Sonar Tower
    16. Wind
    17. Mex
    18. Death CavalryDeath Cavalry
    19. GuardGuard
    20. Wind
    21. Mex
    22. RiptideFrigate
    23. Radar TowerRadar Tower
    24. Con turret
  3. 3

    5:00 to 10:00

    Economy
    • Metal Extractor1Mex
    • Wind Turbine10Wind
    Builders
    • Death Cavalry1 Death Cavalry
    • Construction Ship1 Con ship
    Army
    • Riptide5 Frigate
    • Oppressor2 Destroyer
    • Herring2 Missile corvette
    Other
    • Naval Radar / Sonar Tower1 Naval Radar / Sonar Tower

    Some games also: Urchin (50%) · Naval Construction Turret (47%) · Guard (47%) · Radar Tower (41%) · tidal (38%)

    By 10:00 in all: 9 mex · 12 wind · 4 wind · 4 tidal · 1 energy storage · 1 Naval Construction Turret

    The example game in this phase · 96 steps
    1. HerringMissile corvette
    2. OrcaSubmarine
    3. UrchinUrchinfor Geo sea
    4. OppressorDestroyerdone 6:40 · typical 5:09
    5. Wind
    6. Mex
    7. Wind ×5
    8. RiptideFrigate
    9. Wind ×2
    10. Mex
    11. Naval Radar / Sonar TowerNaval Radar / Sonar Tower
    12. Wind ×3
    13. RiptideFrigate
    14. Wind ×2
    15. Death CavalryDeath Cavalry
    16. Wind ×3
    17. RiptideFrigate
    18. Wind ×3
    19. GuardGuard
    20. OppressorDestroyer
    21. Wind
    22. Con turret
    23. Mex
    24. Wind ×2
    25. HerringMissile corvette
    26. RiptideFrigate
    27. Converter ×2
    28. Advanced Metal ExtractorT2 mexdone 10:06 · typical 9:57
    29. OrcaSubmarine
    30. Wind ×2
    31. Mex
    32. Wind ×2
    33. Construction ShipCon ship
    34. Wind
    35. Advanced Metal ExtractorT2 mex
    36. Wind
    37. Construction ShipCon ship
    38. RiptideFrigate
    39. Wind
    40. Death CavalryDeath Cavalry
    41. Wind ×2
    42. Advanced Metal ExtractorT2 mex
    43. Wind
    44. RiptideFrigate
    45. OppressorDestroyer
    46. RiptideFrigate
    47. OrcaSubmarine
    48. Construction ShipCon ship
    49. Wind
    50. Construction ShipCon ship
    51. Mex
    52. Wind
    53. Construction ShipCon ship
    54. Wind
    55. Construction ShipCon ship
    56. Wind ×2
    57. Construction ShipCon ship
    58. Wind ×2
    59. Naval Construction Turret
    60. Construction ShipCon ship
    61. Wind
    62. Advanced Metal ExtractorT2 mex
    63. Naval Construction Turret
    64. BeholderBeholder
    65. Wind
    66. RiptideFrigate
    67. Wind
    68. Naval Construction Turret
    69. Wind
    70. Naval Construction Turret ×2
    71. Wind
    72. Naval Construction Turret
    73. Wind
    74. BeholderBeholder
    75. Wind ×4
    76. BeholderBeholder
    77. Wind ×2
    78. Advanced ShipyardAdvanced Shipyarddone 13:36
    79. Wind ×4
    80. Naval Energy Converter
    81. Wind
    82. Naval Energy Converter
    83. Advanced Construction SubAdvanced Construction Sub
    84. Naval Energy Converter ×2
    85. Bot LabBot Labdone 14:00
    86. Naval Energy Converter
    87. PathfinderPathfinder
    88. Naval Energy Converter
    89. PathfinderPathfinder
    90. Naval Energy Converter
    91. GuardGuard
    92. Naval Energy Converter ×2
    93. GuardGuard
    94. Naval Energy Converter ×5
    95. Naval Hovercraft PlatformNaval Hovercraft Platformnot finished by 15:00
    96. Naval Energy Converter

Counts are medians over the build's games: half of them build more, half fewer. The example game is MrCoolPotato's (42 OS, 04/09/2026); pick another.

Team trades

IN AT LEAST 30% OF ITS GAMES

You hand over

  • Wind Turbine3 Wind to Airfirst at 1:54 · in 79% of games

You get

  • Finch1 Finch from Airfirst at 1:58 · in 81% of games
  • Lazarus1 Lazarus from Geofirst at 2:14 · in 62% of games
  • Hephaestus1 Heavy transport from Airfirst at 2:16 · in 68% of games
  • Construction Bot1 Con bot from Geofirst at 2:29 · in 69% of games
  • Hercules1 Light transport from Airfirst at 2:35 · in 31% of games
  • Advanced Construction Bot1 T2 con bot from Techfirst at 8:09 · in 88% of games

How it plays out

Typical game of this build, running totals by minute

Metal produced

010k20k30k
0:005:0010:0015:00

metal

Enemy metal destroyed

05k10k
0:005:0010:0015:00

metal

Own metal lost

02.5k5k7.5k
0:005:0010:0015:00

metal

789 games.

Show as table
ByMetal produced: This buildEnemy metal destroyed: This buildOwn metal lost: This build
1:0040300
2:0093700
3:00156300
4:002522050
5:003699194100
6:005026532250
7:0064731100588
8:00808018571041
9:00968328851621
10:001160240232345
11:001382252273090
12:001635262003851
13:001911172574621
14:002186583045721
15:002487692656531
WHAT THE NUMBERS SAY

Standard Beach sea wins more than Geo sea's 50% and gets its Shipyard up faster, using early sea access before falling behind on land resources.

  • + Shipyard finishes by 1:57, faster than Geo sea's 3:18
  • + 54% team win rate beats the Cortex geo sea baseline
  • − Metal produced trails Geo sea's Cortex build, 24356 vs 28451 by 15:00
  • − T2 factory only lands in 35% of games by 12:42
THE EXAMPLE YOU ARE READING

MrCoolPotato

42.5 OS · 04/09/2026

Open source match ↗

5 received units · includes a constructor
448 metal received · 17589 energy received

Allied construction assistance is unknown. Timings are observations, not a promise of solo reproducibility.

Typical milestones

Shipyard1:57Middle 50%: 1:45–2:08 · n=787
Riptide3:51Middle 50%: 3:15–4:31 · n=782
Oppressor5:09Middle 50%: 4:11–6:07 · n=764
Advanced Metal Extractor9:57Middle 50%: 9:15–10:53 · n=667

Played most by

EpicTyrannus68games of this buildDamsko64games of this buildWaboum64games of this buildPRO_HYDRA54games of this buildMrCoolPotato51games of this build